 Dungeon Crawl Stone Soup version 0.23.2-33-g5129a83 (webtiles) character file.

Game seed: 2121274798406044491

67 DinnerBoy7 the Skirmisher (level 4, 37/37 HPs)
             Began as a Barachi Fighter on July 29, 2019.
             Was a Plaything of Xom.
             Quit the game on level 2 of the Dungeon.
             The game lasted 00:04:25 (1851 turns).

DinnerBoy7 the Skirmisher (Barachi Fighter)         Turns: 1851, Time: 00:04:25

Health: 37/37      AC:  7    Str: 18    XL:     4   Next: 18%
Magic:  4/4        EV:  8    Int:  8    God:    Xom [..*...]
Gold:   136        SH:  9    Dex: 12    Spells: 3/3 levels left

rFire    . . .     SeeInvis .   a - +0 long sword
rCold    . . .     Gourm    .   c - +0 shield
rNeg     . . .     Faith    .   b - +0 scale mail
rPois    .         Spirit   .   (no helmet)
rElec    .         Reflect  .   (no cloak)
rCorr    .         Harm     .   (no gloves)
MR       .....                  (no boots)
Stlth    ..........             (no amulet)
HPRegen  0.12/turn              (no ring)
MPRegen  0.09/turn              (no ring)

@: slow
A: +LOS, swims, slowness 1, strong legs 1
a: Hop, Renounce Religion


You were on level 2 of the Dungeon.
You worshipped Xom.
You were a toy of Xom.
You were near starving.

You visited 1 branch of the dungeon, and saw 2 of its levels.

You collected 136 gold pieces.

Inventory:

Hand Weapons
 a - a +0 long sword (weapon)
 e - a +3 short sword
Armour
 b - a +0 scale mail (worn)
 c - a +0 shield (worn)
 k - a cursed +0 robe
Jewellery
 r - an uncursed amulet of magic regeneration {unknown}
Scrolls
 i - 3 scrolls of remove curse {unknown}
 j - 3 scrolls of identify {unknown}
 l - 2 scrolls of teleportation {unknown}
 m - a scroll of blinking {unknown}
 o - a scroll of random uselessness {unknown}
 q - a scroll of enchant armour {unknown}
Potions
 d - a potion of might
 g - a potion of heal wounds {unknown}
 h - a potion of curing {unknown}
 n - a potion of brilliance {unknown}
 p - a potion of degeneration {unknown}
Comestibles
 f - 6 rations


   Skills:
 + Level 4.2 Fighting
 + Level 3.2 Long Blades
 + Level 4.1 Armour
 + Level 1.5 Dodging
 + Level 3.7 Shields


You had 3 spell levels left.
You didn't know any spells.
Your spell library was empty.

Dungeon Overview and Level Annotations

Branches:
Dungeon (2/15)

Altars:
Xom


Innate Abilities, Weirdness & Mutations

Shadows flee at your approach. (+LOS)
You can swim through water.
You cover ground slowly.
You can hop short distances.


Message History

r - a runed fluorescent amulet
There is an escape hatch in the ceiling here.
There is an escape hatch in the ceiling here.
You are near starving!
Found an escape hatch in the floor.
There is an escape hatch in the floor here.
Done exploring.
Done exploring.
There is an escape hatch in the floor here.
There is an escape hatch in the floor here.
There is a stone staircase leading up here.
You see here 23 arrows.
You see here a +0 club.
There is a faded altar of an unknown god here.
You cannot tell which god this altar belongs to.
Convert to them anyway?
Okay, then.
You cannot tell which god this altar belongs to.
Convert to them anyway?
Xom accepts your prayer! Xom welcomes you!
Are you sure you want to abandon this character and quit the game? (Confirm with "yes".)

#....##.# #.# #
####.##.# #>#######
#.##.# #........
###.##.# ####..###
#...##.# #..# #
###.#.##.# #..# #
#........# #..# #
#..♣...### #..# #
#.♣@♣..# ###..# #
#..♣..#######.#..###
#....(.........<....
#..##########.#.....
##.# ###.#### #.#
#...# #.# ###.#
#)### #.# #...# #.#


There were no monsters in sight!

Vanquished Creatures
  An adder (D:2)
  An ooze (D:1)
  5 dart slugs
  4 leopard geckos
  A ball python (D:1)
  4 bats
  6 goblins
  3 hobgoblins (D:1)
  4 jackals (D:2)
  3 kobolds
  2 frilled lizards (D:1)
  5 rats
39 creatures vanquished.

Notes
Turn   | Place    | Note
-------+----------+-------------------------------------------
     0 | D:1      | DinnerBoy7 the Barachi Fighter began the quest for the Orb.
     0 | D:1      | Reached XP level 1. HP: 18/18 MP: 1/1
   272 | D:1      | Reached XP level 2. HP: 25/25 MP: 2/2
   488 | D:1      | Reached skill level 1 in Dodging
   496 | D:1      | Reached XP level 3. HP: 24/30 MP: 3/3
   966 | D:2      | Found a faded altar of an unknown god.
  1209 | D:2      | Reached XP level 4. HP: 31/37 MP: 4/4
  1850 | D:2      | Became a worshipper of Xom of Malicious Giggling
  1851 | D:2      | Quit the game

Skill      XL: |  1  2  3 |
---------------+----------+-----
Dodging        | 1 |  1.5
Armour         | 4 |  4.1
Long Blades    | 3 |  3.2
Fighting       | 4 |  4.2
Shields        | |  3.7

Action                   |  1- 3 |  4- 6 || total
-------------------------+-------+-------++-------
Melee: Long sword        |   108 |    18 ||   126
 Abil: Hop               |     1 |       ||     1
  Eat: Chunk             |     1 |     1 ||     2
Armor: Scale mail        |    79 |     4 ||    83
Dodge: Dodged            |    46 |     7 ||    53
Block: Shield            |    74 |    12 ||    86
       Rpst.: Long sword |    17 |     1 ||    18
